 Dungeon Sprint DCSS version 0.22-a0-259-gdd11e71 (webtiles) character file.

249 Ghella the Fighter (level 6, -4/59 (61) HPs)
             Began as a Merfolk Berserker on Mar 5, 2018.
             Was a Believer of Trog.
             Slain by a necrophage (7 damage)
             ... in the Dungeon (Sprint II: "The Violet Keep of Menkaure").
             The game lasted 00:00:53 (45 turns).

Ghella the Fighter (Merfolk Berserker)                Turns: 45, Time: 00:00:53

HP:   -4/59 (61)    AC:  2    Str: 19    XL:     6   Next: 12%
MP:   6/6           EV: 15    Int:  6    God:    Trog [**....]
Gold: 0             SH:  0    Dex: 14    Spells: 5/5 levels left

rFire    . . .     SeeInvis .   a - +0 hand axe
rCold    . . .     Gourm    .   (no shield)
rNeg     . . .     Faith    .   b - +0 animal skin
rPois    .         Spirit   .   (no helmet)
rElec    .         Reflect  .   (no cloak)
rCorr    .         Harm     .   (no gloves)
MR       ++...     NoTele   +   (no boots)
Stlth    +.........             (no amulet)
HPRegen  1.00/turn              (no ring)
MPRegen  0.10/turn              (no ring)

@: berserk cooldown, recuperating, diseased, hasted, very quick
A: change form in water, swift swim, stealthy swim
a: Berserk, Trog's Hand, Renounce Religion


You were in the Dungeon.
You worshipped Trog.
Trog was pleased with you.
You were not hungry.

You visited 1 branch

Inventory:

Hand Weapons
 a - a +0 hand axe (weapon)
Armour
 b - a +0 animal skin (worn)
Scrolls
 i - a scroll of blinking
Potions
 g - 2 potions of magic
 h - a potion of berserk rage
Comestibles
 c - a ration


   Skills:
 * Level 10.4 Fighting
 + Level 6.4 Axes
 - Level 1.3 Armour
 + Level 5.7 Dodging


You had 5 spell levels left.
You didn't know any spells.

Dungeon Overview and Level Annotations

Branches:
Dungeon (1/1)

Altars:


Message History

The necrophage hits you.
* * * LOW HITPOINT WARNING * * *
You hit the necrophage.
The necrophage is heavily damaged.
The necrophage hits you.
* * * LOW HITPOINT WARNING * * *
You feel ill.
You feel your flesh rotting away!
You're still recovering from your berserk rage.
Your skin crawls.
You feel resistant to hostile enchantments.
You feel somewhat more hungry.
You feel yourself speed up. The necrophage hits you.
* * * LOW HITPOINT WARNING * * *
You hit the necrophage.
The necrophage is severely damaged.
You hit the necrophage.
The necrophage is severely damaged.
The necrophage hits you!
You die...

# #+# .##
##.##...#
+.<@n#
##.##...#
#+# .## #


You could see a necrophage.

Vanquished Creatures
  3 necrophages (D)
3 creatures vanquished.

Notes
Turn   | Place    | Note
-------+----------+-------------------------------------------
     0 | D        | Ghella the Merfolk Berserker began the quest for the Orb.
     0 | D        | Reached XP level 1. HP: 18/18 MP: 1/1
     1 | D        | Noticed a necrophage
     1 | D        | Noticed a necrophage
     1 | D        | Noticed a necrophage
     1 | D        | Noticed a necrophage
    12 | D        | Killed a necrophage
    12 | D        | Reached skill level 7 in Fighting
    12 | D        | Reached XP level 2. HP: 31/31 MP: 2/2
    12 | D        | Reached XP level 3. HP: 36/36 MP: 3/3
    12 | D        | Reached XP level 4. HP: 43/43 MP: 4/4
    27 | D        | Killed a necrophage
    27 | D        | Reached skill level 9 in Fighting
    27 | D        | Reached skill level 5 in Axes
    27 | D        | Reached XP level 5. HP: 42/52 MP: 5/5
    39 | D        | Killed a necrophage
    39 | D        | Reached ** piety under Trog
    39 | D        | Reached skill level 10 in Fighting
    39 | D        | Reached skill level 5 in Dodging
    39 | D        | Reached XP level 6. HP: 9/60 MP: 6/6
    41 | D        | HP: 3/60 [necrophage (6)]
    42 | D        | HP: 1/60 [necrophage (2)]
    45 | D        | Slain by a necrophage

Vault maps used:
D:        the_violet_keep_of_menkaure

Skill      XL: |  1  2  3  4  5 |
---------------+----------------+-----
Fighting       | 7 9 10 | 10.4
Axes           | 4 5 6 |  6.4
Dodging        | 4 5 |  5.7
Armour         | |  1.3

Action                   |  1- 3 |  4- 6 || total
-------------------------+-------+-------++-------
Melee: Hand axe          |    10 |    25 ||    35
Invok: Berserk           |     1 |       ||     1
       Trog's Hand       |       |     1 ||     1
  Use: Potion            |       |     3 ||     3
Armor: Animal skin       |     1 |     2 ||     3
Dodge: Dodged            |     3 |    14 ||    17

Table legend:
 A = Spawn XP
 B = Non-spawn XP
 C = Spawn XP percentage of total XP
 D = Spawn monster count
 E = Non-spawn monster count
 F = Spawn count percentage of total count
 G = Total turns spent on level
                    A         B        C        D         E        F      G
               +---------+---------+-------+---------+---------+-------+---------
         Total |       0 |     356 |   0.0 |       0 |       3 |   0.0 |    45
               +---------+---------+-------+---------+---------+-------+---------
             D |       0 |     356 |   0.0 |       0 |       3 |   0.0 |    45
               +---------+---------+-------+---------+---------+-------+---------
